 Dungeon Crawl Stone Soup version 0.31-a0-466-g98c9adc2b6 (webtiles) character file.

Game seed: 10239746244241962881

1383 pirchl the Ruffian (level 8, -1/41 HPs)
             Began as a Troll Berserker on Aug 5, 2023.
             Was a Priest of Trog.
             Shot with an arrow by a centaur (15 damage)
             ... on level 5 of the Dungeon.
             The game lasted 00:10:53 (3867 turns).

pirchl the Ruffian (Troll Berserker)                Turns: 3867, Time: 00:10:54

Health: -1/41      AC:  2    Str: 28    XL:     8   Next: 40%
Magic:  7/7        EV: 10    Int:  3    God:    Trog [***...]
Gold:   193        SH:  0    Dex:  9    Spells: 7/7 levels left

rFire   . .          .
                       - Unarmed
rCold   . . .        (no shield)
rNeg    . . .        a - melded +0 animal skin
rPois   +            (helmet restricted)
rElec   .            (no cloak)
rCorr   .            (gloves unavailable)
SInv    .            (boots unavailable)
Will    .....        (no amulet)
Stlth   +            d - ring of flight
HPRegen 1.06/turn    l - ring of poison resistance
MPRegen 0.10/turn

%: no passive effects
@: maw-form, flying
A: devouring maw, reduced hp, large, unfitting armour, claws 3, regeneration 1,
shaggy fur 1, tough skin 1
a: Begin Untransformation, Renounce Religion, Berserk, Trog's Hand


You were on level 5 of the Dungeon.
You worshipped Trog.
Trog was most pleased with you.
You were a creature with a mouth for a stomach.
You visited 1 branch of the dungeon, and saw 5 of its levels.

You collected 193 gold pieces.

Inventory:

Missiles
 f - 34 stones (quivered)
Armour
 a - a +0 animal skin (melded)
 z - a +1 cloak
Jewellery
 d - a ring of flight (left claw)
 l - a ring of poison resistance (right claw)
Talismans
 i - a beast talisman
 k - a maw talisman (active)
Wands
 w - a wand of light (9)
 y - a wand of paralysis (13)
Scrolls
 g - 3 scrolls of immolation {unknown}
 h - 2 scrolls of fog {unknown}
 m - a scroll of blinking {unknown}
 q - a scroll of butterflies {unknown}
 r - a scroll of teleportation {unknown}
 s - 3 scrolls of poison
 u - 2 scrolls of fear {unknown}
 v - a scroll of vulnerability {unknown}
Potions
 b - 3 potions of curing
 c - 3 potions of berserk rage
 e - a potion of lignification
 n - a potion of mutation {unknown}
 o - a potion of brilliance
 t - a potion of resistance
 A - a potion of attraction {unknown}


   Skills:
 * Level 3.9 Fighting
 + Level 0.1 Throwing
 + Level 3.2 Dodging
 + Level 0.8 Stealth
 * Level 7.9 Unarmed Combat
 * Level 4.3 Shapeshifting


You had 7 spell levels left.
You didn't know any spells.
Your spell library was empty.

Dungeon Overview and Level Annotations

Branches:
Dungeon (5/15)
 Temple: D:4-7

Altars:
Kikubaaqudgha
Xom
Yredelemnul

Shops:
D:4 *=


Innate Abilities, Weirdness & Mutations

You are a creature with a mouth for a stomach.
Your midsection houses a second, enormous mouth.
Your maximum health is decreased, since you lack skill for your form.
You are too large for most types of armour.
You have claws for hands.
Your natural rate of healing is unusually fast.
You are covered in fur. (AC +1)
You have tough skin. (AC +1)


Message History

The quokka closely misses you. The quokka bites you.
You barely miss the quokka. You bite the quokka.
You devour the quokka!
You feel better.
You kill the quokka!
Trog accepts your kill.
Found a pair of gloves.
Found a stone staircase leading down.
You see here a +0 pair of gloves.
You now have 193 gold pieces (gained 17).
There is a stone staircase leading down here.
A howler monkey comes into view.
Found 9 gold pieces.
Found a stone staircase leading up.
The howler monkey howls!
You hear a shout!
The howler monkey hits you.
You closely miss the howler monkey. Your bite misses the howler monkey.
The howler monkey hits you.
You claw the howler monkey!
The howler monkey is almost dead.
The howler monkey barely misses you.
A centaur comes into view.
You barely miss the howler monkey. You bite the howler monkey.
You devour the howler monkey!
You feel better.
You kill the howler monkey!
Trog accepts your kill.
The centaur wields a +0 shortbow.
The centaur shoots an arrow.
The arrow hits you!
The centaur shoots an arrow.
The arrow hits you.
You hear a shout!
A centaur and a scorpion come into view.
The centaur shoots an arrow.
The arrow barely misses you.
The centaur shoots an arrow.
The arrow hits you!
Found a leather armour.
The centaur unwields a +0 long sword.
The centaur wields a +0 shortbow.
The centaur shoots an arrow.
The arrow hits you!
The centaur shoots an arrow.
The arrow barely misses you.
The centaur unwields a +0 shortbow.
The centaur hits you but does no damage.
The centaur closely misses you.
The centaur shoots an arrow.
The arrow hits you!
You die...

..# .## ... .#..#
######## .. ..#.
........ ### ......
.####### ...# #.#..#
.## ...#.#.. # ..#
#.#.s.##.### #.## ####
#....c...... #..#
##..#####.W...c... ##.#
##.......#........[
#.###.>#####...........
#.##..## #...........
#..#.#######...........
##.#..............#....
#.[.#######.#.##......
#...# #.#$# ##....
#....# #.... ....


You could see 2 centaurs and a scorpion.

Vanquished Creatures
  Grinder (D:3)
  Edmund (D:4)
  Duvessa (D:4)
  A phantom (D:3)
  A bullfrog (D:3)
  2 necrophages (D:4)
  2 wights (D:4)
  Dowan (D:4)
  A howler monkey (D:5)
  A human zombie (D:4)
  Crazy Yiuf (D:3)
  An orc priest (D:4)
  A hound (D:4)
  A scorpion zombie (D:4)
  Natasha (twice) (D:3)
  An iguana (D:4)
  Ijyb (D:4)
  A hound zombie (D:4)
  2 mummies (D:4)
  4 gnolls (D:3)
  11 adders
  2 adder zombies (D:4)
  3 dart slugs
  5 orcs
  12 ball pythons
  3 endoplasms
  7 giant cockroaches
  5 goblins
  7 hobgoblins
  4 jackals (D:4)
  7 kobolds
  4 quokkas
  5 bats
  2 frilled lizards
  A quokka zombie (D:4)
  5 rats
110 creatures vanquished.

Notes
Turn   | Place    | Note
-------+----------+-------------------------------------------
     0 | D:1      | pirchl the Troll Berserker began the quest for the Orb.
     0 | D:1      | Reached XP level 1. HP: 22/22 MP: 0/0
   137 | D:1      | Reached XP level 2. HP: 29/29 MP: 1/1
   570 | D:1      | Reached ** piety under Trog
   571 | D:1      | Reached XP level 3. HP: 36/36 MP: 2/2
  1331 | D:2      | Reached XP level 4. HP: 45/45 MP: 3/3
  1360 | D:2      | Reached skill level 4 in Unarmed Combat
  1422 | D:2      | Reached skill level 1 in Shapeshifting
  1667 | D:3      | Noticed Grinder
  1673 | D:3      | Paralysed by Grinder for 4 turns
  1685 | D:3      | Killed Grinder
  1686 | D:3      | Reached skill level 5 in Unarmed Combat
  1686 | D:3      | Reached XP level 5. HP: 37/53 MP: 4/4
  1686 | D:3      | Reached XP level 6. HP: 43/61 MP: 5/5
  2098 | D:3      | Found a shimmering altar of Xom.
  2288 | D:3      | Found a runed translucent door.
  2289 | D:3      | Noticed Crazy Yiuf
  2369 | D:3      | Noticed Natasha
  2373 | D:3      | Killed Natasha
  2374 | D:3      | Reached XP level 7. HP: 67/67 MP: 6/6
  2433 | D:3      | Noticed Natasha
  2440 | D:3      | Killed Natasha
  2482 | D:3      | Killed Crazy Yiuf
  2483 | D:3      | Reached skill level 6 in Unarmed Combat
  2609 | D:4      | Noticed Ijyb
  2615 | D:4      | Paralysed by Ijyb for 4 turns
  2621 | D:4      | Killed Ijyb
  2810 | D:4      | Found Ziol's General Store.
  2857 | D:4      | Found Miedu Cobecs's One-of-a-Kind Rings.
  2917 | D:4      | Noticed Edmund
  2927 | D:4      | Killed Edmund
  2995 | D:4      | Reached *** piety under Trog
  3200 | D:4      | Noticed Duvessa
  3201 | D:4      | Noticed Dowan
  3216 | D:4      | Killed Duvessa
  3270 | D:4      | Killed Dowan
  3271 | D:4      | Reached skill level 7 in Unarmed Combat
  3438 | D:4      | Reached XP level 8. HP: 36/78 MP: 7/7
  3566 | D:4      | Found an ancient bone altar of Kikubaaqudgha.
  3729 | D:4      | Found a basalt altar of Yredelemnul.
  3803 | D:5      | Entered Level 5 of the Dungeon
  3867 | D:5      | Shot with an arrow by a centaur

Illustrated notes

Levels and vault maps discovered:
D:1:      dpeg_arrival_three_same_balls, layout_basic,
          nicolae_concentric_dashed_squares_wild, minmay_box_of_dots
D:2:      layout_basic, minmay_snake_closets
D:3:      layout_rooms, mainiacjoe_overflow_tiny_flanked, uniq_natasha,
          uniq_crazy_yiuf_cottage, uniq_grinder
D:4:      layout_loops_corners, mainiacjoe_overflow_boulevard,
          lemuel_mausoleum_altar_kikubaaqudgha, serial_shops,
          nicolae_stop_n_shop_2, nicolae_shop_unique_rings,
          hangedman_decor_diamond_cutter, uniq_edmund, uniq_duvessa, uniq_ijyb
D:5:      layout_rooms, grunt_gozag_statues

Skill      XL: |  1  2  3  4  5  6  7  8 |
---------------+-------------------------+-----
Fighting       | 3 |  3.9
Unarmed Combat | 5 7 |  7.9
Shapeshifting  | 2 3 4 |  4.3
Dodging        | 3 |  3.2
Throwing       | |  0.1
Stealth        | |  0.8

Action                     |  1- 3 |  4- 6 |  7- 9 || total
---------------------------+-------+-------+-------++-------
  Melee: Unarmed           |    83 |    49 |   122 ||   254
         Punch             |     4 |     1 |     2 ||     7
         Maw               |       |       |    12 ||    12
  Throw: Stone             |     1 |     1 |     6 ||     8
 Invoke: Berserk           |       |     2 |     1 ||     3
         Trog's Hand       |       |     1 |       ||     1
    Use: Scroll            |       |       |     6 ||     6
   Stab: Sleeping          |       |     1 |     2 ||     3
 Armour: Animal skin       |    28 |    11 |    14 ||    53
         Skin              |       |       |     4 ||     4
  Dodge: Dodged            |    58 |    19 |    30 ||   107
   Form: Beast             |     1 |       |       ||     1
         Maw               |       |       |     1 ||     1

Table legend: (Time is in decaauts)
 A = Elapsed time spent in this place.
 B = Non-inter-level travel time spent in this place.
 C = Inter-level travel time spent in this place.
 D = Time resting spent in this place.
 E = Time spent auto-exploring this place.
 F = Levels seen in this place.
 G = Mean time per level.
                   A        B        C        D        E       F      G
               +--------+--------+--------+--------+--------+-----+--------+
         Total |   3875 |   3754 |    121 |    326 |   2619 |   5 |  775.0 |
       Dungeon |   3875 |   3754 |    121 |    326 |   2619 |   5 |  775.0 |
               +--------+--------+--------+--------+--------+-----+--------+

Top non-repeatable levels by time:
     D:4: 1223 daAuts
     D:3: 965 daAuts
     D:2: 953 daAuts
     D:1: 670 daAuts
     D:5: 62 daAuts
